 Dungeon Crawl Stone Soup version 0.23.2 (webtiles) character file.

Game seed: 2514223605090240599

3009 Peloso the Carver (level 9, -2/79 HPs)
             Began as a Minotaur Fighter on Apr 7, 2019.
             Was a Believer of Okawaru.
             Killed by divine providence
             ... invoked by an orc priest
              (13 damage)
             ... on level 9 of the Dungeon.
             The game lasted 00:13:50 (6646 turns).

Peloso the Carver (Minotaur Fighter)                Turns: 6646, Time: 00:13:50

Health: -2/79      AC: 10    Str: 22    XL:     9   Next: 54%
Magic:  6/8        EV: 16    Int:  5    God:    Okawaru [**....]
Gold:   508        SH: 14    Dex: 12    Spells: 8/8 levels left

rFire    + + .     SeeInvis .   a - +2 scimitar (freeze) (curse)
rCold    + . .     Gourm    .   c - +1 shield
rNeg     . . .     Faith    .   y - +1 ring mail of the Camelopard {+Fly} (curse)
rPois    +         Spirit   .   (helmet restricted)
rElec    +         Reflect  .   D - scarf {repulsion}
rCorr    +         Harm     .   k - +0 pair of gloves
MR       .....                  (no boots)
Stlth    ++........             J - amulet of inaccuracy (curse)
HPRegen  0.23/turn              j - ring of protection from fire
MPRegen  0.11/turn              i - ring of resist corrosion

@: resistant, heroism, repel missiles
A: retaliatory headbutt, horns 2
a: Heroism, Renounce Religion, Evoke Flight


You were on level 9 of the Dungeon.
You worshipped Okawaru.
Okawaru was pleased with you.
You were hungry.

You visited 2 branches of the dungeon, and saw 10 of its levels.

You collected 508 gold pieces.

Inventory:

Hand Weapons
 a - a cursed +2 scimitar of freezing (weapon)
Missiles
 r - 35 bolts
Armour
 b - a +0 scale mail
 c - a +1 shield (worn)
 k - a +0 pair of gloves (worn)
 y - the cursed +1 ring mail of the Camelopard (worn) {+Fly}
   (You found it on level 4 of the Dungeon)

   It lets you fly.
   It has a curse placed upon it.
 A - a +0 cloak
 C - a +0 plate armour
 D - a scarf of repulsion (worn)
Jewellery
 i - a ring of resist corrosion (right hand)
 j - a ring of protection from fire (left hand)
 u - an uncursed ring of fire
 w - an uncursed amulet of rage
 G - a cursed amulet of the gourmand {unknown}
 J - a cursed amulet of inaccuracy (around neck)
Wands
 s - a wand of disintegration (16)
 t - a wand of flame (25)
 B - a wand of random effects (15)
 H - a wand of iceblast (11)
Scrolls
 e - 3 scrolls of enchant armour
 g - 4 scrolls of teleportation
 p - a scroll of fog
 q - a scroll of enchant weapon
 z - 4 scrolls of identify
 E - a scroll of amnesia
 F - 2 scrolls of noise
 I - a scroll of blinking {unknown}
 K - a scroll of magic mapping {unknown}
Potions
 d - 2 potions of might
 h - 2 potions of resistance
 l - a potion of magic {unknown}
 m - 3 potions of brilliance {unknown}
 n - 2 potions of lignification {unknown}
 o - 2 potions of flight {unknown}
 v - a potion of ambrosia {unknown}
 x - a potion of curing {unknown}
Comestibles
 f - 11 rations


   Skills:
 + Level 7.4(12.4) Fighting
 + Level 9.7(14.7) Long Blades
 + Level 6.8(11.8) Armour
 + Level 4.4(9.4) Dodging
 + Level 0.9(5.9) Stealth
 + Level 8.6(13.6) Shields


You had 8 spell levels left.
You didn't know any spells.
Your spell library contained the following spells:

 Spells                   Type           Power        Failure   Level  Hunger
 Shock                    Conj/Air       #...         67%         1    ##.....
 Sting                    Conj/Pois      #...         67%         1    ##.....
 Passwall                 Tmut/Erth      #.......     80%         2    ###....
 Poisonous Vapours        Pois/Air       #.....       80%         2    ###....
 Swiftness                Chrm/Air       #.......     80%         2    ###....
 Mephitic Cloud           Conj/Pois/Air  #.......     95%         3    ####...
 Static Discharge         Conj/Air       #.......     95%         3    ####...
 Airstrike                Air            #.........   100%        4    #####..
 Olgreb's Toxic Radiance  Pois           #.......     100%        4    #####..
 Petrify                  Tmut/Erth      #.......     100%        4    #####..
 Lightning Bolt           Conj/Air       #.........   100%        5    ######.
 Silence                  Hex/Air        #.........   100%        5    ######.
 Venom Bolt               Conj/Pois      #.........   100%        5    ######.
 Freezing Cloud           Conj/Ice/Air   #.........   100%        6    #######


Dungeon Overview and Level Annotations

Branches:
Dungeon (9/15)             Temple (1/1) D:5
   Lair: D:8-11         Orc: D:9-12

Altars:
Cheibriados
Dithmenos
Elyvilon
Fedhas
Gozag
Hepliaklqana
Makhleb
Nemelex Xobeh
Okawaru
Qazlal
Ru
Trog
Uskayaw
Vehumet
Yredelemnul
Zin

Annotations:
D:6 3 runed translucent doors, Peloso's ghost, amateur MiFi


Innate Abilities, Weirdness & Mutations

You reflexively headbutt those who attack you in melee.
You have a pair of horns on your head.


Message History

Beogh smites you!
* * * LOW HITPOINT WARNING * * *
The orc moves out of view.
You slash the orc warrior! You freeze the orc warrior.
The orc warrior is severely wounded.
You block the orc warrior's attack.
You gain the combat prowess of a mighty hero.
The orc warrior completely misses you.
You riposte.
You miss the orc warrior.
The orc warrior is severely wounded.
It was a potion of resistance.
You feel protected.
You hit the orc warrior but do no damage.
The orc warrior is severely wounded.
The orc warrior hits you with a +0 battleaxe.
* * * LOW HITPOINT WARNING * * *
You hit the orc warrior but do no damage.
The orc warrior is severely wounded.
The orc priest invokes the aid of Beogh against you.
Beogh smites you!
You die...

#### #..#######
#.....#..#
#.....'..#
#@##.##..#
#o##.##..#
o.ro.oZHo#.....#
...Z..oo.+.....#
######..###(...#
######)...#
#....#....#
#....#....#
#...##....#


You could see a hippogriff, an orc warrior, 2 orc priests, an orc and an adder
skeleton.

Vanquished Creatures
  A troll (D:8)
  A hippogriff (D:8)
  2 hungry ghosts
  Menkaure (D:4)
  A black bear (D:7)
  2 ice beasts
  2 orc warriors
  A sky beast (D:5)
  2 ogres
  2 bullfrogs (D:8)
  A gnoll sergeant (D:5)
  4 wights (D:7)
  2 howler monkeys (D:8)
  3 crimson imps
  Crazy Yiuf (D:5)
  A centaur skeleton (D:5)
  2 orc priests
  4 hounds
  A jelly (D:8)
  2 bullfrog skeletons
  3 orc wizards
  An iguana (D:4)
  Jessica (D:2)
  Ijyb (D:4)
  Terence (D:2)
  2 worker ants (D:7)
  A hound zombie (D:6)
  2 hound skeletons
  10 adders
  12 gnolls
  A howler monkey skeleton (D:8)
  An ooze (D:3)
  4 adder skeletons
  A worm (D:5)
  2 dart slugs
  4 leopard geckos
  14 orcs
  9 giant cockroaches
  5 goblins
  12 hobgoblins
  14 jackals
  11 kobolds
  4 quokkas
  9 bats
  7 frilled lizards
  2 leopard gecko skeletons
  A leopard gecko zombie (D:8)
  5 rats
176 creatures vanquished.

Notes
Turn   | Place    | Note
-------+----------+-------------------------------------------
     0 | D:1      | Peloso the Minotaur Fighter began the quest for the Orb.
     0 | D:1      | Reached XP level 1. HP: 19/19 MP: 0/0
   155 | D:1      | Reached XP level 2. HP: 22/27 MP: 1/1
   339 | D:1      | Reached XP level 3. HP: 23/33 MP: 2/2
   854 | D:2      | Found a sacrificial altar of Ru.
   998 | D:2      | Noticed Terence
  1010 | D:2      | Killed Terence
  1010 | D:2      | Reached skill level 3 in Long Blades
  1010 | D:2      | Reached skill level 1 in Dodging
  1015 | D:2      | Reached XP level 4. HP: 31/40 MP: 3/3
  1028 | D:2      | Found a faded altar of an unknown god.
  1028 | D:2      | Noticed Jessica
  1030 | D:2      | Killed Jessica
  1376 | D:3      | Found a blossoming altar of Fedhas.
  1497 | D:3      | Found a hazy altar of Hepliaklqana.
  1574 | D:3      | Reached XP level 5. HP: 47/47 MP: 4/4
  1703 | D:3      | Found a hide-covered altar of Uskayaw.
  1957 | D:4      | Reached skill level 4 in Long Blades
  1977 | D:4      | Reached skill level 5 in Shields
  2104 | D:4      | Noticed Ijyb
  2109 | D:4      | Killed Ijyb
  2343 | D:4      | Got a fine ring mail
  2354 | D:4      | Identified the cursed +1 ring mail of the Camelopard {+Fly}
                  | (You found it on level 4 of the Dungeon)
  2479 | D:4      | Reached XP level 6. HP: 53/53 MP: 5/5
  2520 | D:4      | Noticed Menkaure
  2529 | D:4      | Killed Menkaure
  2529 | D:4      | Reached skill level 5 in Long Blades
  2609 | D:5      | Entered Level 5 of the Dungeon
  2717 | D:5      | Reached skill level 5 in Fighting
  2986 | D:5      | Reached XP level 7. HP: 59/61 MP: 6/6
  3118 | D:5      | HP: 2/61 [orc priest/divine providence (12)]
  3449 | D:5      | Found a staircase to the Ecumenical Temple.
  3486 | Temple   | Entered the Ecumenical Temple
  3535 | Temple   | Became a worshipper of Warmaster Okawaru
  3591 | D:5      | Found a runed translucent door.
  3592 | D:5      | Noticed Crazy Yiuf
  3598 | D:5      | Killed Crazy Yiuf
  3598 | D:5      | Reached skill level 5 in Armour
  3651 | D:5      | Reached skill level 6 in Long Blades
  4067 | D:6      | Found a stormy altar of Qazlal.
  4112 | D:6      | Reached XP level 8. HP: 22/69 MP: 7/7
  4116 | D:6      | Reached skill level 7 in Long Blades
  4361 | D:6      | Found a runed translucent gate.
  4361 | D:6      | Found a runed translucent gate.
  4362 | D:6      | Found a runed translucent gate.
  4363 | D:6      | Noticed Peloso's ghost (amateur MiFi)
  4976 | D:7      | Reached * piety under Okawaru
  5357 | D:7      | Found a burning altar of Makhleb.
  5362 | D:7      | Reached skill level 8 in Long Blades
  5396 | D:7      | Found a radiant altar of Vehumet.
  5503 | D:7      | Found a shadowy altar of Dithmenos.
  5566 | D:7      | Found a basalt altar of Yredelemnul.
  5602 | D:7      | Reached XP level 9. HP: 73/75 MP: 8/8
  5727 | D:8      | Reached ** piety under Okawaru
  5928 | D:8      | Noticed a troll
  5936 | D:8      | Killed a troll
  5936 | D:8      | Reached skill level 9 in Long Blades
  6099 | D:8      | Identified the Collected Works on Stones and Lightness
  6515 | D:8      | Found an opulent altar of Gozag.
  6515 | D:8      | Found a sparkling altar of Nemelex Xobeh.
  6646 | D:9      | Killed from afar by an orc priest

Skill      XL: |  1  2  3  4  5  6  7  8  9 |
---------------+----------------------------+-----
Shields        | 4 5 6 7 8 |  8.6
Armour         | 4 5 6 |  6.8
Fighting       | 4 5 6 7 |  7.4
Long Blades    | 3 4 5 6 8 9 |  9.7
Dodging        | 1 2 3 4 |  4.4
Stealth        | |  0.9

Action                   |  1- 3 |  4- 6 |  7- 9 || total
-------------------------+-------+-------+-------++-------
Melee: Long sword        |    92 |   171 |   178 ||   441
       Headbutt          |    11 |    32 |    64 ||   107
       Scimitar          |       |       |   148 ||   148
Invok: Heroism           |       |       |     2 ||     2
  Use: Scroll            |       |     8 |     2 ||    10
       Potion            |       |       |     1 ||     1
  Eat: Chunk             |       |     6 |    13 ||    19
       Ration            |       |       |     1 ||     1
Armor: Scale mail        |    64 |    38 |       ||   102
       Ring mail         |       |    16 |    92 ||   108
Dodge: Dodged            |    40 |    61 |    99 ||   200
Block: Shield            |    62 |   127 |   195 ||   384
       Rpst.: Long sword |     7 |    15 |    10 ||    32
       Scimitar          |       |       |     7 ||     7
